 Dungeon Crawl Stone Soup version 0.22.1-1-ga44c0e56f4 (webtiles) character file.

109 LLavrengius the Caller (level 4, -10/34 HPs)
             Began as a Barachi Summoner on Sept 23, 2018.
             Was a Follower of the Shining One.
             Mangled by baghtru's ghost (15 damage)
             ... on level 3 of the Dungeon.
             The game lasted 00:17:27 (3154 turns).

LLavrengius the Caller (Barachi Summoner)           Turns: 3154, Time: 00:17:28

Health: -10/34     AC:  2    Str: 10    XL:     4   Next: 90%
Magic:  9/9        EV: 13    Int: 16    God:    the Shining One [*.....]
Gold:   64         SH:  0    Dex: 12    Spells: 4/10 levels left

rFire    . . .     SeeInvis .   b - +0 spear
rCold    . . .     Gourm    .   (no shield)
rNeg     . . .     Faith    .   a - +0 robe
rPois    .         Spirit   .   (no helmet)
rElec    .         Reflect  .   (no cloak)
rCorr    .         Harm     .   (no gloves)
MR       .....                  (no boots)
Stlth    +.........             (no amulet)
HPRegen  0.11/turn              (no ring)
MPRegen  0.11/turn              (no ring)

@: can't hop, glowing, slow
A: +LOS, swims, slowness 1, strong legs 1
a: Hop, Renounce Religion


You were on level 3 of the Dungeon.
You worshipped the Shining One.
The Shining One was aware of your devotion.
You were hungry.

You visited 1 branch of the dungeon, and saw 3 of its levels.

You collected 64 gold pieces.

Inventory:

Hand Weapons
 b - a +0 spear (weapon)
 d - a +0 hunting sling
Missiles
 e - 68 stones
 f - 53 sling bullets
 h - 12 tomahawks (quivered)
 i - 18 bolts
Armour
 a - a +0 robe (worn)
 q - a +2 helmet
Scrolls
 g - a scroll of remove curse {unknown}
 j - 2 scrolls of magic mapping {unknown}
 p - a scroll of enchant weapon {unknown}
Potions
 k - a potion of degeneration {unknown}
 l - a potion of heal wounds {unknown}
 m - 2 potions of curing {unknown}
 n - a potion of might {unknown}
Comestibles
 c - 5 rations
 o - 2 chunks of flesh


   Skills:
 + Level 2.8 Fighting
 - Level 3.0 Dodging
 - Level 2.0 Stealth
 * Level 3.5 Spellcasting
 - Level 5.0 Summonings


You had 4 spell levels left.
You knew the following spells:

 Your Spells              Type           Power        Failure   Level  Hunger
a - Summon Small Mammal   Summ           ###.         2%          1    None
b - Call Imp              Summ           ###.....     3%          2    ##.....
c - Call Canine Familiar  Summ           ###.....     7%          3    ###....

Your spell library contained the following spells:

 Spells                   Type           Power        Failure   Level  Hunger
 Summon Guardian Golem    Hex/Summ       ##......     19%         3    ###....
 Summon Ice Beast         Ice/Summ       ##......     54%         4    ####...
 Summon Lightning Spire   Summ/Air       ##......     54%         4    ####...


Dungeon Overview and Level Annotations

Branches:
Dungeon (3/15)

Altars:
Trog
The Shining One

Annotations:
D:3 1 transporter, baghtru's ghost, amateur DDFi


Innate Abilities, Weirdness & Mutations

Shadows flee at your approach. (+LOS)
You can swim through water.
You cover ground slowly.
You can hop short distances.


Message History

There is a transporter here.
You enter the transporter and appear at another place.
Baghtru's ghost whispers, "Death is liberation."
You see here a runed helmet.
q - a runed helmet The hobgoblin hits you with a club.
Baghtru's ghost hits you! The hobgoblin closely misses you.
Baghtru's ghost barely misses you.
You see here 12 gold pieces.
The kobold barely misses you. Baghtru's ghost hits you!
The kobold hits you with a dagger. The kobold hits you with a club!
* * * LOW HITPOINT WARNING * * *
The kobold hits you but does no damage.
Hop to where?
Press: ? - help, Dir - move target cursor Boing!
The kobold throws a stone.
The stone hits you but does no damage.
The kobold throws a stone.
The stone closely misses you.
You see here a stone.
Baghtru's ghost hits you!
You die...

............### #.......
........©.....########.#.##..
....#########..........#.###.
...##8.$.$.8##.#########.# #.
...#......)§.#.# #+# ##
...#.......g.#.# #
...#......K.g#.# #
##.#....©..WK#.# #
#.#........@#.# #
#.#.........#.# #
#.#........©#.# #
#.##8.....8##.# #
#..#########..# #
##.....©.....## # #
#####.............##. #
##...######..###.. ##### #
#..#####


You could see baghtru's ghost, 2 hobgoblins and 2 kobolds.

Vanquished Creatures
  A worker ant (D:3)
  A gnoll (D:1)
  2 adders (D:2)
  2 giant cockroaches
  4 goblins (D:2)
  5 hobgoblins
  3 jackals (D:1)
  4 kobolds
  4 bats
  A frilled lizard (D:1)
  5 rats
32 creatures vanquished.

Vanquished Creatures (collateral kills)
  Robin (D:2)
  3 adders
  A worm (D:2)
  7 goblins (D:2)
  3 hobgoblins
  2 jackals (D:1)
  A bat (D:1)
  3 kobolds
21 creatures vanquished.

Grand Total: 53 creatures vanquished

Notes
Turn   | Place    | Note
-------+----------+-------------------------------------------
     0 | D:1      | LLavrengius the Barachi Summoner began the quest for the
                  | Orb.
     0 | D:1      | Reached XP level 1. HP: 13/13 MP: 3/3
   160 | D:1      | Reached skill level 5 in Summonings
   269 | D:1      | Reached XP level 2. HP: 4/20 MP: 3/5
   953 | D:1      | Reached skill level 1 in Fighting
   976 | D:1      | Reached XP level 3. HP: 15/26 MP: 4/6
  1737 | D:2      | Learned a level 2 spell: Call Imp
  1741 | D:2      | Learned a level 3 spell: Call Canine Familiar
  1972 | D:2      | Noticed Robin
  1995 | D:2      | Killed Robin
  2265 | D:2      | Reached XP level 4. HP: 34/34 MP: 8/8
  2524 | D:2      | Found a bloodstained altar of Trog.
  2850 | D:2      | Found a faded altar of an unknown god.
  2852 | D:2      | Became a worshipper of the Shining One
  2852 | D:2      | Reached * piety under the Shining One
  2957 | D:2      | Found a glowing golden altar of the Shining One.
  3126 | D:3      | Found a transporter.
  3126 | D:3      | Noticed baghtru's ghost (amateur DDFi)
  3130 | D:3      | Found a transporter.
  3154 | D:3      | Mangled by baghtru's ghost

Skill      XL: |  1  2  3 |
---------------+----------+-----
Summonings     | 5 |  5.0
Stealth        | 2 |  2.0
Fighting       | 1 2 |  2.8
Dodging        | 3 |  3.0
Spellcasting   | 3 |  3.5

Action                   |  1- 3 |  4- 6 || total
-------------------------+-------+-------++-------
Melee: Spear             |   116 |    49 ||   165
       Unarmed           |     4 |       ||     4
Throw: Tomahawk          |     2 |     1 ||     3
 Cast: Summon Small Mamm |    18 |     9 ||    27
       Call Imp          |     5 |     4 ||     9
       Call Canine Famil |       |     1 ||     1
 Abil: Hop               |       |     1 ||     1
 Stab: Sleeping          |     3 |     1 ||     4
  Eat: Chunk             |     2 |     3 ||     5
       Ration            |     1 |       ||     1
Armor: Robe              |    19 |     6 ||    25
Dodge: Dodged            |    74 |    34 ||   108
